 Dungeon Crawl Stone Soup version 0.28-a0-622-gbaef9634d7 (webtiles) character file.

Game seed: 12119349646062813467

212 sleeves the Ruffian (level 5, -4/41 HPs)
             Began as a Demonspawn Fighter on Oct 7, 2021.
             Killed from afar by Sigmund (8 damage)
             ... with a puff of flame
             ... on level 4 of the Dungeon.
             The game lasted 00:02:31 (3193 turns).

sleeves the Ruffian (Demonspawn Fighter)            Turns: 3193, Time: 00:02:32

Health: -4/41      AC:  8    Str: 17    XL:     5   Next: 58%
Magic:  5/5        EV:  9    Int: 12    God:
Gold:   80         SH:  4    Dex: 13    Spells: 4/4 levels left

rFire   . . .      SeeInvis .     - Unarmed
rCold   . . .      Faith    .   c - +0 buckler
rNeg    . . .      Spirit   .   b - +0 scale mail
rPois   .          Reflect  .   m - +1 helmet {Int+3}
rElec   .          Harm     .   (no cloak)
rCorr   .          Rampage  .   (no gloves)
Will    .....                   (no boots)
Stlth   ..........              (no amulet)
HPRegen 0.13/turn               (no ring)
MPRegen 0.09/turn               (no ring)

@: no status effects
A: hooves 1, ignite blood 1, demonic touch 1
a: no special abilities


You were on level 4 of the Dungeon.
You visited 1 branch of the dungeon, and saw 4 of its levels.

You collected 80 gold pieces.

Inventory:

Armour
 b - a +0 scale mail (worn)
 c - a +0 buckler (worn)
 m - a +1 helmet of intelligence (worn)
   (You took it off Robin on level 2 of the Dungeon)
Magical Staves
 l - a staff of earth
   (You found it on level 2 of the Dungeon)
Jewellery
 o - an amulet of magic regeneration
   (You found it on level 3 of the Dungeon)
 s - a +4 ring of evasion
   (You took it off a goblin on level 4 of the Dungeon)
Scrolls
 e - 2 scrolls of identify {unknown}
 f - a scroll of enchant armour {unknown}
 g - a scroll of teleportation {unknown}
 h - a scroll of acquirement {unknown}
 n - 2 scrolls of amnesia {unknown}
Potions
 a - a potion of resistance {unknown}
 d - a potion of might
 i - a potion of curing {unknown}
 j - a potion of mutation {unknown}
 k - a potion of cancellation {unknown}
 p - 2 potions of berserk rage {unknown}
 q - a potion of brilliance {unknown}
 r - 2 potions of flight {unknown}


   Skills:
 - Level 3.0 Fighting
 - Level 2.7 Long Blades
 - Level 2.6 Armour
 - Level 2.6 Shields
 + Level 4.4 Unarmed Combat


You had 4 spell levels left.
You didn't know any spells.
Your spell library was empty.

Dungeon Overview and Level Annotations

Branches:
Dungeon (4/15)
 Temple: D:4-7

Altars:

Shops:
D:1 [

Annotations:
D:4 Sigmund


Innate Abilities, Weirdness & Mutations

You have large cloven feet.
Your demonic aura sometimes causes spilled blood to erupt in flames.
Your touch may inflict minor irresistible damage on your foes.


Message History

You hit the bat but do no damage.
The bat is severely wounded.
You block the bat's attack.
You miss the bat. Your kick misses the bat.
The bat is severely wounded.
The bat hits you but does no damage. You block the bat's attack.
You closely miss the bat. Your kick misses the bat.
The bat is severely wounded.
The bat hits you but does no damage. The bat hits you.
You hit the bat but do no damage. Your kick misses the bat.
The bat is severely wounded.
The bat hits you. The bat hits you but does no damage.
You hit the bat.
You kill the bat!
Your Unarmed Combat skill increases to level 1!
Found a stone staircase leading up.
You now have 15 gold pieces (gained 8).
There is a stone staircase leading up here.
An adder comes into view.
The adder hisses angrily.
The adder barely misses you.
You miss the adder. Your kick misses the adder.
The adder bites you but does no damage.
You hit the adder.
The adder is lightly wounded.
You block the adder's attack. The adder closely misses you.
You hit the adder.
The adder is heavily wounded.
The adder barely misses you.
You hit the adder. You kick the adder.
You kill the adder!
You have reached level 3!
Your experience leads to an increase in your attributes!
Increase (S)trength, (I)ntelligence, or (D)exterity?
You feel stronger.
Your demonic ancestry asserts itself...
Your hands begin to faintly glow with unholy energy.
You see here an adder corpse.
An endoplasm comes into view.
The endoplasm quivers.
An endoplasm is nearby!
An endoplasm is nearby!
Your shield prevents you from hitting the endoplasm.
The endoplasm barely misses you.
You hit the endoplasm.
The endoplasm is moderately wounded.
The endoplasm freezes you.
You are frozen.
You hit the endoplasm. You kick the endoplasm.
The endoplasm is almost dead.
The endoplasm freezes you.
You are frozen.
You hit the endoplasm.
You kill the endoplasm!
No target in view!
No target in view!
No target in view!
No target in view!
Found a faded altar of an unknown god.
A giant cockroach and a hobgoblin come into view.
The hobgoblin shouts!
You hear a shout!
A goblin comes into view. It is wielding a +0 dagger.
A goblin comes into view. It is wielding a +0 club.
There are monsters nearby!
A goblin comes into view. It is wielding a +0 club.
The goblin shouts!
You hear a shout!
A hobgoblin comes into view.
The goblin shouts! 2 goblins, a hobgoblin and Robin come into view.
Robin is wielding a +0 whip and wearing a +1 helmet of intelligence.
The goblin shouts!
You hear an angry hiss.
Robin moves out of view.
You hit the giant cockroach but do no damage.
The giant cockroach closely misses you.
You barely miss the giant cockroach.
Robin roars a battlecry!
The goblins go into a battle-frenzy!
A goblin comes into view. It is wielding a +0 dagger.
A hobgoblin comes into view.
The giant cockroach bites you but does no damage.
You hear a shout!
You closely miss the giant cockroach.
The goblin shouts!
You kick the giant cockroach, but do no damage.
You hear a shout!
The giant cockroach misses you. You block the goblin's attack.
You hit the giant cockroach.
You kill the giant cockroach!
The goblin barely misses you.
You hit the goblin. You kick the goblin.
You kill the goblin!
You hit the goblin.
The goblin is heavily wounded.
A hobgoblin comes into view.
The goblin hits you but does no damage. The hobgoblin barely misses you.
The goblin barely misses you.
You hit the goblin.
You kill the goblin!
The goblin closely misses you. You block the hobgoblin's attack.
You closely miss the goblin. Your kick misses the goblin.
The goblin hits you but does no damage. The goblin hits you with a +0 club.
The hobgoblin hits you.
You barely miss the goblin. You kick the goblin.
The goblin is moderately wounded.
A goblin comes into view. It is wielding a +0 club.
The goblin closely misses you.
The hobgoblin hits you but does no damage.
The goblin hits you with a +0 club.
You miss the goblin.
The goblin is moderately wounded.
The goblin barely misses you. The goblin hits you with a +0 club.
The hobgoblin hits you.
You hit the goblin. You kick the goblin.
You kill the goblin!
Robin throws the goblin at you! The goblin hits you with a +0 dagger.
A ball python comes into view.
The hobgoblin hits you.
* * * LOW HITPOINT WARNING * * *
You are too injured to fight recklessly!
You are too injured to fight recklessly!
You are too injured to fight recklessly!
You are too injured to fight recklessly!
You are too injured to fight recklessly!
You are too injured to fight recklessly!
You are too injured to fight recklessly!
Unknown command.
The hobgoblin no longer looks unusually strong.
The hobgoblin no longer looks unusually strong.
The goblin no longer looks unusually strong.
The hobgoblin no longer looks unusually strong.
You hit the goblin.
The goblin is heavily wounded.
The goblin closely misses you.
You barely miss the goblin. You kick the goblin.
You kill the goblin!
You hit the goblin.
You kill the goblin!
You hit the hobgoblin but do no damage. You kick the hobgoblin.
You kill the hobgoblin!
You hit the hobgoblin but do no damage. Your kick misses the hobgoblin.
The hobgoblin hits you but does no damage.
You hit the hobgoblin.
You kick the hobgoblin, but do no damage.
The hobgoblin is severely wounded.
You block the hobgoblin's attack.
You hit the hobgoblin but do no damage.
The hobgoblin is severely wounded.
The hobgoblin hits you but does no damage.
You hit the hobgoblin but do no damage.
The hobgoblin is severely wounded.
The hobgoblin hits you but does no damage.
You closely miss the hobgoblin.
The hobgoblin is severely wounded.
The hobgoblin closely misses you.
You barely miss the hobgoblin. You kick the hobgoblin.
You kill the hobgoblin!
You barely miss the goblin. The goblin closely misses you.
You hit the goblin but do no damage. You kick the goblin.
You kill the goblin!
Your Unarmed Combat skill increases to level 2!
You closely miss the hobgoblin. You block the hobgoblin's attack.
You hit the hobgoblin.
You kick the hobgoblin, but do no damage.
The hobgoblin is severely wounded.
You hit the hobgoblin. You kick the hobgoblin.
You kill the hobgoblin!
You barely miss the hobgoblin. You kick the hobgoblin.
The hobgoblin is moderately wounded.
You block the hobgoblin's attack.
You closely miss the hobgoblin.
You kick the hobgoblin, but do no damage.
The hobgoblin is moderately wounded.
The hobgoblin hits you.
You completely miss the hobgoblin. Your kick misses the hobgoblin.
The hobgoblin is moderately wounded.
The hobgoblin closely misses you.
You hit the hobgoblin but do no damage. Your kick misses the hobgoblin.
The hobgoblin is moderately wounded.
The hobgoblin closely misses you.
You hit the hobgoblin.
You kill the hobgoblin!
You barely miss the goblin. You kick the goblin.
You kill the goblin!
You hit the hobgoblin.
The hobgoblin is heavily wounded.
The hobgoblin closely misses you.
You hit the hobgoblin.
You kill the hobgoblin!
You hit Robin. You kick Robin.
Robin is moderately wounded.
Robin hits you with a +0 whip.
* * * LOW HITPOINT WARNING * * *
You hit Robin but do no damage. You kick Robin, but do no damage.
Robin is moderately wounded.
Robin hits you with a +0 whip.
* * * LOW HITPOINT WARNING * * *
You barely miss Robin. You kick Robin.
Robin is heavily wounded.
Robin hits you with a +0 whip.
* * * LOW HITPOINT WARNING * * *
You hit Robin but do no damage. You kick Robin.
Robin is severely wounded.
Robin hits you with a +0 whip.
* * * LOW HITPOINT WARNING * * *
You barely miss Robin. You kick Robin.
Robin is severely wounded.
Robin barely misses you.
You hit Robin but do no damage. Your kick misses Robin.
Robin is severely wounded.
Robin closely misses you.
You hit Robin.
Robin is almost dead.
Robin hits you but does no damage.
You hit Robin.
You kill Robin!
m - a +1 helmet of intelligence
Items here: ))))) [ ††††††.
Items here: ))))) [ ††††††.
Okay, then.
You start putting on your armour.
You continue putting on your +1 helmet of intelligence. x4
You finish putting on your +1 helmet of intelligence.
You feel clever.
You start resting.
A ball python is nearby!
A ball python is nearby!
A ball python is nearby!
A ball python is nearby!
The ball python hisses angrily.
Your shield and scale mail prevent you from hitting the ball python.
The ball python bites you but does no damage.
You block the ball python's attack.
You hit the ball python.
You kill the ball python!
You see here a ball python corpse.
Items here: ))))) [ ††††††.
You start resting.
HP restored.
Nothing quivered!
Nothing quivered!
Items here: ))) ÷.
A bat comes into view.
Found a stone staircase leading up.
You see here 12 gold pieces.
A bat is nearby!
A ball python comes into view.
The ball python hisses angrily.
The bat hits you but does no damage.
Found 19 stones.
The bat closely misses you.
A worm comes into view.
The bat closely misses you.
Found a stone staircase leading down.
The bat barely misses you. The bat misses you.
You closely miss the bat. Your kick misses the bat. You block the bat's attack.
You block the ball python's attack. The ball python barely misses you.
You hit the ball python. Your kick misses the ball python.
The ball python is severely wounded.
The bat barely misses you.
The ball python bites you but does no damage.
The ball python closely misses you.
You closely miss the ball python.
The ball python is severely wounded.
The bat hits you but does no damage.
The ball python bites you but does no damage.
You block the ball python's attack.
The ball python bites you but does no damage.
You block the ball python's attack.
You hit the ball python.
You kill the ball python!
The bat hits you but does no damage.
You miss the bat. Your kick misses the bat.
The bat hits you but does no damage. You block the bat's attack.
You hit the bat. Your kick misses the bat.
The bat is severely wounded.
You block the bat's attack.
You miss the bat.
The bat is severely wounded.
The bat hits you but does no damage. The worm bites you.
You hit the worm but do no damage. You block the bat's attack.
You hit the worm but do no damage. The bat closely misses you.
The worm bites you but does no damage.
You hit the worm.
The worm is moderately wounded.
The bat hits you.
You hit the worm.
The worm is moderately wounded.
The bat hits you but does no damage. The worm completely misses you.
You hit the worm but do no damage. You kick the worm.
The worm is heavily wounded.
The bat barely misses you. The worm closely misses you.
You hit the worm. You kick the worm.
The worm is severely wounded.
The bat hits you but does no damage.
You hit the worm. You kick the worm.
You kill the worm!
The bat closely misses you.
You have reached level 4!
You feel agile. The bat hits you but does no damage.
You see here a worm corpse.
The bat hits you but does no damage. The bat completely misses you.
The bat hits you but does no damage.
You hit the bat.
You kill the bat!
No target in view!
No target in view!
No target in view!
No target in view!
No target in view!
No target in view!
No target in view!
You now have 27 gold pieces (gained 12).
You see here 19 stones.
There is a stone staircase leading up here.
A rat comes into view.
Found a stone staircase leading down.
A rat is nearby!
A rat is nearby!
The rat barely misses you.
You barely miss the rat. You kick the rat, but do no damage.
The rat closely misses you.
You closely miss the rat. You hit the rat but do no damage.
Your kick misses the rat. The rat bites you but does no damage.
You hit the rat.
You kill the rat!
No target in view!
No target in view!
No target in view!
No target in view!
You see here a rat corpse.
A quokka comes into view.
A quokka is nearby!
You closely miss the quokka. You kick the quokka.
You kill the quokka!
No target in view!
No target in view!
No target in view!
No target in view!
No target in view!
No target in view!
No target in view!
You see here a quokka corpse.
An endoplasm comes into view.
The endoplasm quivers.
An endoplasm is nearby!
You hit the endoplasm. You kick the endoplasm.
The endoplasm is almost dead.
The endoplasm freezes you.
You are frozen.
You hit the endoplasm.
You kill the endoplasm!
No target in view!
No target in view!
No target in view!
No target in view!
No target in view!
A dart slug comes into view.
The dart slug launches a dart at you. The slug dart misses you.
A dart slug is nearby!
A dart slug is nearby!
The dart slug launches a dart at you. The slug dart hits you.
You hit the dart slug. You kick the dart slug.
The dart slug is severely wounded.
The dart slug closely misses you.
You hit the dart slug.
The dart slug is almost dead.
You hit the dart slug.
You kill the dart slug!
No target in view!
No target in view!
No target in view!
No target in view!
No target in view!
No target in view!
No target in view!
No target in view!
No target in view!
No target in view!
Found 22 stones.
A frilled lizard comes into view.
Found a scroll labelled MAYJAO LIESMYF.
The frilled lizard hisses angrily.
The frilled lizard bites you but does no damage.
You hit the frilled lizard.
You kill the frilled lizard!
No target in view!
No target in view!
No target in view!
No target in view!
No target in view!
No target in view!
No target in view!
No target in view!
n - a scroll labelled MAYJAO LIESMYF
Found 17 stones.
You see here 17 stones.
Key pressed, stopping explore.
No target in view!
No target in view!
No target in view!
No target in view!
No target in view!
No target in view!
No target in view!
No target in view!
No target in view!
No target in view!
No target in view!
You see here a ball python skeleton.
Found a stone staircase leading down.
There is a stone staircase leading down here.
Done exploring.
Done exploring.
Done exploring.
Done exploring.
Done exploring.
Done exploring.
(D) Dungeon
Where to? (Enter - D:2, ? - help)
There is a stone staircase leading down here.
You climb downwards.
Found 15 gold pieces.
Found an escape hatch in the floor.
There is a stone staircase leading up here.
A bat comes into view.
A bat is nearby!
You hit the bat but do no damage. The bat hits you but does no damage.
The bat hits you but does no damage. The bat closely misses you.
You see here 15 gold pieces.
You miss the bat. You block the bat's attack. The bat barely misses you.
You hit the bat but do no damage. You kick the bat.
You kill the bat!
No target in view!
No target in view!
No target in view!
You now have 42 gold pieces (gained 15).
Found two stone staircases leading down.
o - an amulet of magic regeneration No target in view!
No target in view!
No target in view!
No target in view!
No target in view!
No target in view!
No target in view!
There is a stone staircase leading down here.
There is a stone staircase leading down here.
An adder comes into view.
The adder hisses angrily.
An adder is nearby!
You miss the adder. Your kick misses the adder.
The adder bites you but does no damage.
You closely miss the adder. Your kick misses the adder.
The adder closely misses you.
You miss the adder. You kick the adder.
The adder is heavily wounded.
The adder bites you. You block the adder's attack.
You closely miss the adder.
The adder is heavily wounded.
The adder bites you but does no damage.
You miss the adder.
The adder is heavily wounded.
The adder closely misses you.
You miss the adder. You kick the adder.
The adder is heavily wounded.
The adder bites you but does no damage. x2
You closely miss the adder. You kick the adder.
The adder is severely wounded.
The adder bites you but does no damage.
You hit the adder but do no damage. You kick the adder.
The adder is severely wounded.
The adder barely misses you.
You miss the adder. Your kick misses the adder.
The adder is severely wounded.
The adder bites you. The adder closely misses you.
You miss the adder. Your kick misses the adder.
The adder is severely wounded.
The adder closely misses you.
You punch the adder!
You kill the adder!
No target in view!
No target in view!
No target in view!
No target in view!
HP restored.
You now have 53 gold pieces (gained 11).
An endoplasm comes into view.
The endoplasm quivers.
An endoplasm is nearby!
An endoplasm is nearby!
You block the endoplasm's attack.
You hit the endoplasm but do no damage. You kick the endoplasm.
The endoplasm is moderately wounded.
The endoplasm barely misses you.
You completely miss the endoplasm.
The endoplasm is moderately wounded.
The endoplasm freezes you.
You are frozen.
You hit the endoplasm but do no damage.
The endoplasm is moderately wounded.
The endoplasm freezes you.
You are frozen.
You hit the endoplasm. You kick the endoplasm.
You kill the endoplasm!
Your Unarmed Combat skill increases to level 3!
No target in view!
No target in view!
No target in view!
No target in view!
No target in view!
Found an escape hatch in the ceiling.
There is an escape hatch in the ceiling here.
You now have 60 gold pieces (gained 7).
There is an escape hatch in the ceiling here.
A rat comes into view.
Found a long sword.
The rat bites you but does no damage.
You closely miss the rat. You kick the rat.
You kill the rat!
No target in view!
No target in view!
No target in view!
No target in view!
No target in view!
No target in view!
No target in view!
A dart slug comes into view.
A dart slug is nearby!
Found a ring mail.
The dart slug launches a dart at you. The slug dart hits you.
You hit the dart slug but do no damage. The dart slug launches a dart at you.
The slug dart hits you.
You completely miss the dart slug. You block the dart slug's attack.
You hit the dart slug but do no damage. You kick the dart slug.
The dart slug is severely wounded.
The dart slug launches a dart at you.
The slug dart hits you but does no damage.
You hit the dart slug.
You kill the dart slug!
No target in view!
No target in view!
You see here a dart slug corpse.
You see here a +0 long sword.
An endoplasm and a goblin come into view.
The goblin shouts!
The endoplasm quivers.
There are monsters nearby!
There are monsters nearby!
The endoplasm hits you.
A ball python comes into view.
The ball python hisses angrily.
You hit the endoplasm but do no damage.
You kick the endoplasm, but do no damage.
The endoplasm hits you but does no damage.
You hit the endoplasm.
The endoplasm is heavily wounded.
The endoplasm freezes you.
You are frozen.
You barely miss the endoplasm.
The endoplasm is moderately wounded.
The goblin hits you but does no damage. The endoplasm freezes you.
You are frozen.
You hit the endoplasm but do no damage. You kick the endoplasm.
The endoplasm is severely wounded.
The goblin hits you but does no damage. The endoplasm closely misses you.
You barely miss the endoplasm. You kick the endoplasm.
You kill the endoplasm!
The goblin hits you but does no damage.
You closely miss the goblin. You kick the goblin.
The goblin is severely wounded.
You block the goblin's attack.
The ball python bites you but does no damage.
The ball python grabs you. The ball python constricts you.
You hit the ball python.
You kill the ball python!
The goblin closely misses you.
You hit the goblin.
You kill the goblin!
No target in view!
No target in view!
No target in view!
No target in view!
No target in view!
No target in view!
No target in view!
No target in view!
No target in view!
No target in view!
No target in view!
No target in view!
No target in view!
No target in view!
Things that are here:
a +0 dagger; a goblin corpse
p - a fuming ruby potion
n - 2 scrolls labelled MAYJAO LIESMYF (gained 1)
Found 16 poisoned darts.
e - 2 scrolls labelled MEMPAT XIAT (gained 1)
p - 2 fuming ruby potions (gained 1)
Found a mace.
No target in view!
No target in view!
No target in view!
No target in view!
No target in view!
No target in view!
No target in view!
No target in view!
No target in view!
No target in view!
q - an emerald potion You see here a +0 mace.
Found 25 arrows.
You see here 25 arrows.
Found a stone staircase leading up.
No target in view!
No target in view!
No target in view!
No target in view!
No target in view!
No target in view!
No target in view!
No target in view!
No target in view!
r - 2 viscous red potions
There is a stone staircase leading up here.
A rat comes into view.
A rat is nearby!
A rat is nearby!
The rat bites you but does no damage.
You hit the rat.
You kill the rat!
No target in view!
No target in view!
No target in view!
No target in view!
No target in view!
No target in view!
No target in view!
You see here a rat corpse.
A rat comes into view.
Found a stone staircase leading up and a stone staircase leading down.
A rat is nearby!
You punch the rat!
You kill the rat!
No target in view!
No target in view!
No target in view!
No target in view!
No target in view!
No target in view!
No target in view!
Done exploring.
Done exploring.
Done exploring.
Done exploring.
(D) Dungeon
Where to? (Enter - D:3, ? - help)
There is a stone staircase leading down here.
You climb downwards.
The orc shouts! x6
There is a stone staircase leading up here.
There are monsters nearby!
There are monsters nearby!
There are monsters nearby!
The orc hits you but does no damage. x2; You block the orc's attack.
The orc barely misses you.
You climb upwards.
There is a stone staircase leading down here.
The orc barely misses you. The orc hits you with a +0 club.
You hit the orc. You kick the orc, but do no damage.
The orc is moderately wounded.
The orc hits you but does no damage.
You hit the orc. You kick the orc, but do no damage.
The orc is moderately wounded.
The orc hits you with a +0 club.
You hit the orc.
The orc is severely wounded.
You block the orc's attack.
You hit the orc but do no damage.
The orc is severely wounded.
The orc hits you with a +0 club.
You hit the orc but do no damage. Your kick misses the orc.
The orc is severely wounded.
The orc hits you with a +0 club.
You closely miss the orc.
The orc is severely wounded.
The orc hits you but does no damage.
You barely miss the orc.
The orc is severely wounded.
You hit the orc but do no damage. You kick the orc, but do no damage.
The orc is severely wounded.
The orc hits you with a +0 club.
You hit the orc but do no damage. Your kick misses the orc.
The orc is severely wounded.
The orc hits you but does no damage.
You hit the orc.
You kill the orc!
You hit the orc.
The orc is heavily wounded.
The orc hits you but does no damage.
You barely miss the orc. Your kick misses the orc.
The orc is heavily wounded.
The orc barely misses you.
You hit the orc but do no damage. Your kick misses the orc.
The orc is heavily wounded.
You block the orc's attack.
You hit the orc. You kick the orc.
The orc is almost dead.
The orc hits you but does no damage.
You hit the orc but do no damage. Your kick misses the orc.
The orc is almost dead.
The orc hits you but does no damage.
You barely miss the orc. Your kick misses the orc.
The orc is almost dead.
The orc hits you with a +0 hand axe.
You punch the orc!
You kill the orc!
You hit the orc. You kick the orc.
You kill the orc!
You hit the orc. Your kick misses the orc.
The orc is lightly wounded.
The orc hits you but does no damage.
You hit the orc. Your kick misses the orc.
The orc is moderately wounded.
The orc hits you but does no damage.
Your scale mail prevents you from hitting the orc.
Your kick misses the orc.
The orc is moderately wounded.
The orc closely misses you.
You hit the orc.
You kill the orc!
You swing at nothing.
You swing at nothing.
You swing at nothing.
You swing at nothing.
You swing at nothing.
You swing at nothing.
You swing at nothing.
You swing at nothing.
You swing at nothing.
You swing at nothing.
You swing at nothing.
You swing at nothing.
You swing at nothing.
You swing at nothing.
You swing at nothing.
You swing at nothing.
HP restored.
Items here: )))) [[[.
Done exploring.
Done exploring.
(D) Dungeon
Where to? (Enter - D:4, ? - help)
There is a stone staircase leading down here.
You climb downwards.
The dart slug launches a dart at you.
The slug dart hits you but does no damage.
A necrophage comes into view.
The orc hits you with a +0 dagger. The orc closely misses you.
There is a stone staircase leading up here.
The orc hits you with a +0 dagger. The orc hits you but does no damage.
You climb upwards.
There is a stone staircase leading down here.
The orc closely misses you.
You punch the orc!
You kill the orc!
You block the orc's attack.
You see here a +0 mace.
You hit the orc.
The orc is heavily wounded.
The orc hits you but does no damage.
You closely miss the orc.
The orc is heavily wounded.
The orc hits you with a +0 dagger.
You hit the orc. You kick the orc.
You kill the orc!
No target in view!
No target in view!
No target in view!
No target in view!
No target in view!
No target in view!
No target in view!
No target in view!
No target in view!
No target in view!
No target in view!
No target in view!
Things that are here:
a +0 dagger; an orc corpse
There is a stone staircase leading down here.
You climb downwards.
There is a stone staircase leading up here.
HP restored.
A ball python comes into view.
The ball python hisses angrily.
A ball python is nearby!
A ball python is nearby!
You closely miss the ball python. The ball python barely misses you.
The ball python grabs you. The ball python constricts you.
You hit the ball python. Your kick misses the ball python.
The ball python is moderately wounded.
The ball python bites you but does no damage.
The ball python constricts you.
You closely miss the ball python.
The ball python is moderately wounded.
The ball python closely misses you. The ball python constricts you.
You hit the ball python.
You kill the ball python!
No target in view!
No target in view!
No target in view!
No target in view!
No target in view!
Found a quarterstaff.
You now have 69 gold pieces (gained 9).
A goblin comes into view. It is wielding a +0 club.
A goblin is nearby!
The goblin shouts!
You block the goblin's attack.
You closely miss the goblin. You block the goblin's attack.
You closely miss the goblin. The goblin closely misses you.
You barely miss the goblin. Your kick misses the goblin.
The goblin hits you but does no damage.
You punch the goblin!
You kill the goblin!
No target in view!
No target in view!
No target in view!
s - a +4 ring of evasion You see here a +0 club.
A dart slug comes into view.
A dart slug is nearby!
Found a hand axe.
A kobold comes into view. It is wielding a +0 dagger.
The dart slug launches a dart at you. The slug dart misses you.
You hit the dart slug.
The dart slug is severely wounded.
The dart slug bites you.
You hit the dart slug but do no damage.
The dart slug is severely wounded.
The dart slug bites you.
You hit the dart slug.
You kill the dart slug!
You block the necrophage's attack.
You hit the necrophage. Your kick misses the necrophage.
The necrophage is lightly damaged.
The necrophage barely misses you.
You punch the necrophage! You kick the necrophage.
The necrophage is severely damaged.
The necrophage barely misses you.
You hit the necrophage. You kick the necrophage.
You destroy the necrophage!
Your Unarmed Combat skill increases to level 4!
You have reached level 5!
Your demonic ancestry asserts itself...
Your blood heats up.
You hit the kobold. Your kick misses the kobold.
The kobold is moderately wounded.
The kobold misses you.
You closely miss the kobold.
The kobold is moderately wounded.
The kobold hits you but does no damage.
You closely miss the kobold. Your kick misses the kobold.
The kobold is moderately wounded.
The kobold hits you but does no damage.
Your shield and scale mail prevent you from hitting the kobold.
The kobold is moderately wounded.
The kobold hits you but does no damage.
You closely miss the kobold.
The kobold is moderately wounded.
The kobold barely misses you.
You hit the kobold but do no damage. Your kick misses the kobold.
You block the kobold's attack.
You hit the kobold. You kick the kobold.
You kill the kobold!
No target in view!
No target in view!
No target in view!
No target in view!
No target in view!
No target in view!
No target in view!
No target in view!
No target in view!
No target in view!
No target in view!
No target in view!
No target in view!
Found 11 gold pieces.
There is an open door here.
Things that are here:
a +0 dagger; a kobold corpse A quokka comes into view.
A quokka is nearby!
A quokka is nearby!
A kobold comes into view. It is wielding a +0 short sword.
The kobold shouts!
You closely miss the quokka. Your kick misses the quokka.
The quokka barely misses you.
You closely miss the quokka.
The quokka bites you but does no damage.
The kobold throws a stone.
You block the stone.
You barely miss the quokka. You block the quokka's attack.
You closely miss the kobold. You kick the kobold.
You kill the kobold!
The quokka bites you but does no damage.
The quokka bites you.
You closely miss the quokka. Your kick misses the quokka.
The quokka bites you but does no damage.
You hit the quokka.
You kill the quokka!
No target in view!
No target in view!
Things that are here:
a +0 short sword; 4 stones You now have 80 gold pieces (gained 11).
Things that are here:
a +0 short sword; 4 stones As you open the door, it creaks loudly!
A white imp and Sigmund come into view.
Sigmund shouts!
The white imp shouts!
The white imp gestures at you. The puff of frost hits you.
There are monsters nearby!
The white imp gestures at you. The puff of frost hits you!
There is an open door here.
Sigmund hits you but does no damage. The white imp hits you.
The white imp freezes you.
You are too injured to fight recklessly!
You are too injured to fight recklessly!
You are too injured to fight recklessly!
You are too injured to fight recklessly!
You are too injured to fight recklessly!
You are too injured to fight recklessly!
You are too injured to fight recklessly!
You are too injured to fight recklessly!
You are too injured to fight recklessly!
You are too injured to fight recklessly!
You are too injured to fight recklessly!
You are too injured to fight recklessly!
You are too injured to fight recklessly!
You hit the white imp.
The white imp is moderately wounded.
You hit the white imp.
The white imp is severely wounded.
The white imp hits you. The white imp freezes you.
* * * LOW HITPOINT WARNING * * *
Sigmund hits you but does no damage.
You hit the white imp. Your kick misses the white imp.
The white imp is severely wounded.
The white imp gestures at you. The puff of frost hits you.
* * * LOW HITPOINT WARNING * * *
You hit the white imp but do no damage.
The white imp is severely wounded.
Sigmund hits you from afar with a +0 scythe.
* * * LOW HITPOINT WARNING * * *
The white imp hits you but does no damage.
Sigmund casts a spell.
Sigmund flickers and vanishes!
Deactivating autopickup; reactivate with Ctrl-A.
There is an open door here.
You closely miss the white imp. Your kick misses the white imp.
The white imp is severely wounded.
You block the white imp's attack. The white imp closely misses you.
You punch the white imp!
You kill the white imp!
You hear some strange, mumbled words.
A puff of flame appears from out of thin air!
The puff of flame hits you.
* * * LOW HITPOINT WARNING * * *
You hear some strange, mumbled words.
You are confused.
A magic dart appears from out of thin air!
The magic dart hits you.
* * * LOW HITPOINT WARNING * * *
You bump into the rock wall.
Something hits you.
* * * LOW HITPOINT WARNING * * *
Something hits you.
* * * LOW HITPOINT WARNING * * *
You're too confused to move!
You feel less confused.
There is an open door here.
Things that are here:
a +0 dagger; a kobold corpse A puff of flame appears from out of thin air!
The puff of flame hits you!
You die...

#.w......#.#
#........#.####
#######.......#### ######
.... .......# #....#
##.##.##..#.## #.##.# .
#.....##†....# #.##<# ...
#....###..#..# #.####
.....####......#.....##
#.#
........'....{.)@.....####
#.#
#########..)...#..#......#
#.####
#......#..#....#.###.....
#......####....#...#..##.
#######...#
#......#)#..##.
#.....)...#
#...####.#..##.
#......†### #...# #.#..##.
#.......# #...####.#..##.
#.......# #............).


There were no monsters in sight!

Vanquished Creatures
  A necrophage (D:4)
  Robin (D:2)
  2 adders
  A white imp (D:4)
  A worm (D:2)
  4 dart slugs
  6 orcs (D:3)
  6 ball pythons
  3 bats
  6 endoplasms
  4 giant cockroaches
  13 goblins
  6 hobgoblins
  2 quokkas
  A frilled lizard (D:2)
  3 kobolds
  10 rats
70 creatures vanquished.

Notes
Turn   | Place    | Note
-------+----------+-------------------------------------------
     0 | D:1      | sleeves the Demonspawn Fighter began the quest for the Orb.
     0 | D:1      | Reached XP level 1. HP: 18/18 MP: 1/1
   152 | D:1      | Reached skill level 2 in Long Blades
   442 | D:1      | Gained mutation: You have large cloven feet. [demonic
                  | ancestry]
   442 | D:1      | Reached XP level 2. HP: 21/24 MP: 2/2
   704 | D:1      | Found Okiukiar's Armour Boutique.
  1298 | D:2      | Reached skill level 1 in Unarmed Combat
  1343 | D:2      | Gained mutation: Your touch may inflict minor irresistible
                  | damage on your foes. [demonic ancestry]
  1343 | D:2      | Reached XP level 3. HP: 29/29 MP: 3/3
  1427 | D:2      | Found a faded altar of an unknown god.
  1488 | D:2      | Noticed Robin
  1499 | D:2      | HP: 14/29 [hobgoblin[Robin] (5)]
  1522 | D:2      | Reached skill level 2 in Unarmed Combat
  1533 | D:2      | HP: 13/29 [Robin (3)]
  1536 | D:2      | HP: 4/29 [Robin (5)]
  1540 | D:2      | Killed Robin
  1860 | D:2      | Reached XP level 4. HP: 34/35 MP: 4/4
  2455 | D:3      | Reached skill level 3 in Unarmed Combat
  2991 | D:4      | Noticed a necrophage
  3098 | D:4      | Killed a necrophage
  3099 | D:4      | Reached skill level 4 in Unarmed Combat
  3099 | D:4      | Gained mutation: Your demonic aura sometimes causes spilled
                  | blood to erupt in flames. [demonic ancestry]
  3099 | D:4      | Reached XP level 5. HP: 38/41 MP: 5/5
  3171 | D:4      | Noticed Sigmund
  3175 | D:4      | HP: 20/41 [white imp (5)]
  3180 | D:4      | HP: 12/41 [something/puff of flame (2)]
  3186 | D:4      | HP: 12/41 [something/magic dart (1)]
  3189 | D:4      | HP: 3/41 [something (6)]
  3193 | D:4      | Killed from afar by Sigmund

Illustrated notes

Levels and vault maps discovered:
D:1:      amcnicky_arrival_wind_blow, layout_basic, serial_shops,
          nicolae_shop_statue_plus
D:2:      layout_loops_ring, shapermc_ecumenical_altar_mp_highgroup, uniq_robin
D:3:      layout_rooms
D:4:      layout_basic, serial_shops, nicolae_take_the_stairs,
          nicolae_diamond_shop, uniq_sigmund, uniq_menkaure

Skill      XL: |  1  2  3  4 |
---------------+-------------+-----
Long Blades    | 2 |  2.7
Unarmed Combat | 1 2 4 |  4.4
Fighting       | |  3.0
Armour         | |  2.6
Shields        | |  2.6

Action                   |  1- 3 |  4- 6 || total
-------------------------+-------+-------++-------
Melee: Long sword        |    35 |       ||    35
       Unarmed           |   122 |   104 ||   226
       Kick              |    39 |    27 ||    66
Armor: Scale mail        |    55 |    44 ||    99
Dodge: Dodged            |    64 |    31 ||    95
Block: Buckler           |    39 |    16 ||    55

Table legend: (Time is in decaauts)
 A = Elapsed time spent in this place.
 B = Non-inter-level travel time spent in this place.
 C = Inter-level travel time spent in this place.
 D = Time resting spent in this place.
 E = Time spent auto-exploring this place.
 F = Levels seen in this place.
 G = Mean time per level.
                   A        B        C        D        E       F      G
               +--------+--------+--------+--------+--------+-----+--------+
         Total |   3203 |   3122 |     81 |    254 |   2326 |   4 |  800.8 |
       Dungeon |   3203 |   3122 |     81 |    254 |   2326 |   4 |  800.8 |
               +--------+--------+--------+--------+--------+-----+--------+

Top non-repeatable levels by time:
     D:2: 1201 daAuts
     D:1: 1153 daAuts
     D:3: 656 daAuts
     D:4: 191 daAuts
